Map: Cerulean Fall LE

Players

Apoptosis

  • Race: Zerg Zerg
  • League: Diamond
  • Spawn Location: 7:00

TacoBlaster - Winner!

  • Race: Protoss Protoss
  • League: Diamond
  • Spawn Location: 1:00

VOD

Have the link to the VOD?

Description

Time

  • Played on: Sept. 6, 2018, 6:27 a.m.
  • Length: 15:11
Show
View Real Time Build Order
Export as new Build Order

Apoptosis Zerg 

Build Orders: Hatch First 

Get SALT Encoding   

  12  0:01  Drone  
  13  0:12  Overlord  
  13  0:17  Drone  
  14  0:30  Drone x2  
  14  0:34  Drone  
  17  0:55  Hatchery  
  17  0:56  Drone  
  17  1:00  Drone  
  18  1:09  Extractor  
  17  1:16  Spawning Pool  
  16  1:18  Drone  
  16  1:23  Drone  
  18  1:28  Drone  
  19  1:38  Overlord  
  19  1:53  Drone  
  20  2:03  Zergling x2, Queen  
  20  2:06  Queen  
  20  2:07  Zergling x2  
  26  2:12  Metabolic Boost  
  26  2:15  Drone  
  27  2:17  Drone  
  27  2:21  Drone  
  29  2:28  Drone  
  30  2:34  Overlord  
  30  2:39  Drone  
  31  2:48  Drone  
  32  2:56  Drone x2  
  34  3:02  Hatchery, Drone  
  34  3:06  Drone  
  34  3:11  Drone  
  36  3:15  Drone x3  
  36  3:18  Drone x3  
  42  3:20  Overlord  
  42  3:28  Spore Crawler  
  41  3:39  Spore Crawler  
  40  3:47  Drone  
  40  3:48  Drone x7  
  47  3:55  Lair  
  47  4:03  Evolution Chamber, Roach Warren  
  47  4:04  Extractor, Overlord  
  47  4:06  Extractor  
  47  4:07  Zergling x2  
  44  4:16  Zergling x2  
  44  4:17  Zergling x6  
  48  4:25  Drone x4  
  52  4:32  Drone x4  
  55  4:48  Zerg Missile Weapons Level 1  
  55  4:53  Glial Reconstitution  
  55  4:54  Overlord x3  
  55  4:55  Overlord x3  
  55  5:05  Spore Crawler  
  54  5:15  Roach x6  
  54  5:16  Roach x3  
  72  5:25  Roach x3  
  72  5:26  Overlord x2  
  78  5:36  Roach x2  
  78  5:38  Overlord  
  78  5:39  Overlord  
  81  5:54  Spore Crawler  
  81  5:56  Drone x5  
  84  5:57  Roach x2  
  84  5:58  Roach x3  
  94  6:04  Roach x2  
  96  6:12  Roach x2  
  96  6:13  Roach  
  100  6:24  Spore Crawler  
  98  6:26  Roach  
  98  6:27  Roach x2  
  102  6:34  Roach  
  102  6:35  Roach x2  
  106  6:46  Nydus Network  
  105  6:47  Roach x4  
  113  7:00  Zerg Ground Armor Level 1  
  111  7:02  Roach  
  111  7:03  Roach  
  109  7:29  Nydus Canal  
  109  7:32  Roach x2  
  109  7:33  Overlord  
  109  7:34  Overlord x3  
  113  7:37  Overseer  
  113  7:48  Ravager  
  113  7:49  Overlord  
  113  7:50  Overlord x3  
  114  7:51  Queen  
  98  8:14  Hydralisk Den  
  73  8:35  Roach x4  
  73  8:36  Roach x7  
  93  8:49  Hydralisk x4  
  101  8:58  Extractor  
  101  9:00  Hydralisk x2  
  104  9:14  Hydralisk x2  
  108  9:21  Roach x3  
  108  9:22  Zergling x14  
  121  9:32  Hydralisk x2  
  121  9:40  Hydralisk  
  123  9:51  Hydralisk x2  
  127  9:56  Drone x3  
  127  9:57  Drone x4  
  134  10:08  Muscular Augments  
  129  10:17  Spore Crawler x3  
  76  10:50  Roach x13  
  76  10:51  Roach x2  
  76  10:52  Roach  
  81  10:59  Extractor  
  75  11:09  Hydralisk x3  
  81  11:26  Overlord x2, Hydralisk x4  
  89  11:38  Hydralisk x2  
  93  11:43  Drone  
  93  11:44  Drone x3  
  93  11:45  Drone x5  
  102  11:55  Zerg Missile Weapons Level 2  
  98  12:10  Hydralisk x5  
  96  12:24  Hydralisk x3  
  96  12:25  Hydralisk  
  98  12:32  Drone  
  98  12:33  Drone x7  
  102  12:44  Hydralisk x2  
  102  12:45  Hydralisk  
  102  12:47  Queen  
  110  12:55  Grooved Spines  
  110  12:59  Drone x4  
  110  13:02  Extractor  
  113  13:18  Hydralisk x4  
  121  13:26  Hydralisk x3  
  127  13:52  Hatchery  
  126  13:56  Hydralisk x2  
  126  13:59  Overlord x3  
  126  14:00  Overlord  
  130  14:04  Lurker Den  
  129  14:10  Drone  
  130  14:20  Drone x2  
  130  14:21  Hydralisk, Drone x2  
  130  14:23  Hydralisk  
  138  14:31  Hydralisk x2  
  142  14:48  Overlord x3  
  142  14:55  Evolution Chamber  
Show
View Real Time Build Order
Export as new Build Order

TacoBlaster Protoss - Winner!

Build Orders: 1 Gate Expand, Phoenix Opening 

Get SALT Encoding   

  12  0:01  Probe  
  13  0:13  Probe  
  14  0:19  Pylon  
  14  0:25  Probe  
  15  0:37  Probe  
  15  0:39  Gateway  
  16  0:44  Assimilator  
  16  0:49  Probe  
  17  1:01  Probe  
  18  1:13  Probe  
  19  1:28  Nexus  
  19  1:39  Cybernetics Core  
  19  1:43  Probe  
  20  1:52  Pylon  
  20  1:55  Probe  
  21  2:01  Assimilator  
  21  2:11  Adept  
  21  2:18  Warp Gate  
  23  2:25  Probe  
  24  2:36  Stargate  
  24  2:38  Probe  
  24  2:39  Adept  
  24  2:40  Probe  
  28  2:50  Probe  
  29  2:52  Probe  
  30  3:02  Probe  
  30  3:04  Probe  
  32  3:10  Probe  
  32  3:12  Probe  
  32  3:14  Phoenix  
  32  3:19  Probe  
  34  3:20  Probe  
  38  3:29  Probe  
  38  3:31  Probe  
  40  3:37  Gateway  
  40  3:38  Gateway  
  38  3:48  Probe x2  
  38  3:51  Phoenix  
  42  4:06  Twilight Council  
  42  4:08  Probe x2  
  46  4:11  Pylon  
  46  4:15  Pylon  
  44  4:22  Probe x2  
  46  4:30  Resonating Glaives, Adept  
  48  4:43  Nexus  
  46  4:45  Adept  
  46  4:46  Adept  
  46  4:49  Phoenix  
  46  4:51  Probe x2  
  54  4:54  Assimilator  
  54  4:56  Assimilator  
  54  5:01  Adept  
  54  5:04  Probe x2  
  45  5:14  Phoenix  
  58  5:16  Probe x2  
  58  5:20  Pylon  
  62  5:29  Pylon  
  62  5:31  Pylon x2  
  62  5:38  Probe x2  
  62  5:39  Phoenix  
  66  5:51  Probe x2  
  66  5:55  Probe  
  69  5:57  Adept x3  
  69  6:03  Probe x2  
  77  6:04  Phoenix  
  77  6:07  Probe  
  77  6:11  Gateway  
  80  6:14  Gateway x2  
  80  6:15  Probe  
  81  6:22  Phoenix  
  81  6:23  Probe x2  
  83  6:30  Robotics Facility  
  83  6:32  Robotics Facility  
  85  6:40  Stalker x3  
  91  6:50  Probe x3  
  94  7:14  Stalker x3  
  94  7:15  Stalker x3  
  106  7:25  Pylon  
  106  7:28  Shield Battery  
  106  7:29  Assimilator  
  106  7:32  Pylon  
  106  7:34  Assimilator, Phoenix  
  108  7:39  Pylon  
  108  7:43  Immortal x2  
  112  8:08  Stalker x6  
  110  8:14  Immortal x2  
  101  8:34  Probe x3  
  103  8:41  Pylon  
  103  8:45  Pylon  
  103  8:46  Pylon  
  103  8:48  Pylon  
  103  8:49  Forge  
  103  8:50  Forge  
  103  8:51  Immortal x2, Adept x4  
  103  8:55  Probe x3  
  122  9:09  Probe x3  
  125  9:14  Pylon  
  125  9:15  Pylon  
  125  9:20  Phoenix  
  127  9:27  Adept  
  127  9:28  Adept x3  
  135  9:45  Adept x2  
  139  9:51  Protoss Ground Weapons Level 1, Protoss Ground Armor Level 1  
  139  9:55  Robotics Bay  
  139  10:01  Immortal  
  139  10:02  Immortal  
  139  10:06  Probe x2  
  139  10:07  Probe  
  144  10:38  Immortal x2  
  136  10:51  Phoenix  
  132  11:00  Extended Thermal Lance  
  132  11:09  Colossus  
  132  11:16  Nexus x2, Phoenix  
  140  11:41  Phoenix  
  140  11:43  Pylon  
  142  11:58  Pylon  
  142  12:00  Colossus  
  140  12:29  Probe x4  
  144  12:32  Phoenix  
  146  12:37  Protoss Ground Weapons Level 2, Protoss Ground Armor Level 2  
  146  12:41  Probe  
  146  12:43  Colossus  
  147  12:49  Colossus  
  153  12:52  Photon Cannon  
  153  12:53  Photon Cannon  
  153  12:55  Photon Cannon, Probe x3  
  153  12:56  Shield Battery  
  153  12:57  Assimilator  
  153  12:58  Pylon  
  162  13:00  Assimilator  
  162  13:03  Pylon  
  162  13:05  Adept x5  
  166  13:07  Pylon  
  172  13:16  Phoenix  
  174  13:27  Sentry x2, Colossus  
  174  13:28  Sentry x3, Colossus  
  190  13:44  Dark Shrine  
  196  14:13  Pylon  
  196  14:15  Pylon  
  196  14:25  Nexus  
  196  14:26  Shield Battery, Pylon  
  196  14:29  Shield Battery, Pylon  
  196  14:32  Photon Cannon  
  196  14:34  Photon Cannon, Pylon  
  196  14:36  Photon Cannon  
  196  14:39  Photon Cannon  
  196  14:40  Phoenix  
  198  14:45  Nexus  
Tags
 
Add a new tag
Caveats
  • Supply blocks, unpowered buildings, or Contaminate may cause inaccurate times.
  • Supply counts are checked every 10 seconds.